 Dungeon Crawl Stone Soup version 0.26-a0-682-g294304f6e8 (webtiles) character file.

Game seed: 14554356699086395984

117 DogServant the Ruffian (level 4, -4/39 HPs)
             Began as a Draconian Transmuter on Oct 21, 2020.
             Slain by an orc priest
             ... wielding a +0 trident
              (6 damage)
             ... on level 3 of the Dungeon.
             The game lasted 00:02:18 (2582 turns).

DogServant the Ruffian (Draconian Transmuter)       Turns: 2582, Time: 00:02:20

Health: -4/39      AC:  5    Str: 13    XL:     4   Next: 71%
Magic:  7/7        EV: 12    Int: 13    God:
Gold:   123        SH:  0    Dex: 12    Spells: 6/7 levels left

rFire    . . .     SeeInvis .     - Unarmed
rCold    . . .     Faith    .   (no shield)
rNeg     . . .     Spirit   .   (armour unavailable)
rPois    .         Reflect  .   (helmet currently unavailable)
rElec    .         Harm     .   (no cloak)
rCorr    .         Rampage  .   (no gloves)
MR       .....                  (boots currently unavailable)
Stlth    +.........             (no amulet)
HPRegen  0.13/turn              (no ring)
MPRegen  0.10/turn              (no ring)

@: appendages (expiring)
A: unfitting armour, horns 2, talons 2, cold-blooded, AC +5
a: End Transformation


You were on level 3 of the Dungeon.
You had grown temporary horns.
You had grown temporary talons.
You visited 1 branch of the dungeon, and saw 3 of its levels.

You collected 123 gold pieces.

Inventory:

Wands
 l - a wand of iceblast (9)
Scrolls
 b - 2 scrolls of enchant weapon {unknown}
 g - 3 scrolls of identify {unknown}
 i - a scroll of magic mapping {unknown}
 k - a scroll of fear {unknown}
 n - 2 scrolls of remove curse {unknown}
 p - 2 scrolls of teleportation {unknown}
 q - a scroll of noise {unknown}
 r - a scroll of blinking {unknown}
Potions
 a - 2 potions of mutation {unknown}
 c - a potion of brilliance {unknown}
 d - 4 potions of curing {unknown}
 e - a potion of stabbing {unknown}
 f - a potion of heal wounds {unknown}
 h - a potion of degeneration {unknown}
 j - 3 potions of ambrosia {unknown}
 m - a potion of lignification {unknown}
 o - a potion of resistance {unknown}


   Skills:
 + Level 3.6 Fighting
 - Level 1.7 Dodging
 + Level 4.4 Unarmed Combat
 - Level 2.0 Spellcasting
 + Level 2.0 Transmutations


You had 6 spell levels left.
You knew the following spells:

 Your Spells              Type           Power        Failure   Level
a - Beastly Appendage     Tmut           #.....       11%         1

Your spell library contained the following spells:

 Spells                   Type           Power        Failure   Level
 Wereblood                Tmut           #.......     17%         2
 Spider Form              Tmut/Pois      #.........   45%         3
 Ice Form                 Ice/Tmut       #.......     86%         4
 Blade Hands              Tmut           #.........   97%         5


Dungeon Overview and Level Annotations

Branches:
Dungeon (3/15)

Altars:


Innate Abilities, Weirdness & Mutations

Your plain brown scales are hard. (AC +5)
You cannot fit into any form of body armour.
You are cold-blooded and may be slowed by cold attacks.
You have a pair of horns on your head.
You have razor-sharp toenails.


Message History

a +1 flail of protection; a +0 leather armour; an orc corpse You hit the orc priest but do no damage.
The orc hits you with a +0 dagger. The orc hits you but does no damage.
You hit the orc priest but do no damage.
You claw the orc priest.
The orc priest is moderately wounded.
The orc priest begins to cast a cantrip, but forgets the words!
The orc hits you but does no damage.
You barely miss the orc priest.
You claw the orc priest, but do no damage.
The orc priest is moderately wounded.
The orc barely misses you. The orc priest closely misses you.
The orc hits you with a +0 dagger.
You closely miss the orc priest. You claw the orc priest.
The orc priest is moderately wounded.
The orc hits you with a +0 flail!
* * * LOW HITPOINT WARNING * * *
The orc hits you but does no damage.
The orc priest hits you with a +0 trident.
You die...

####### #.....# #.....#
##.....######
#######....##.....#
#.o@....##.#(.###.#
......oo#####....##...#
..#..##.# ##...<#.)#
[... #.####.......##
.## .........(.###
##.....((..#
#...##.....#
......>....# ####
.#####..####


You could see an orc priest and 2 orcs.

Vanquished Creatures
  4 adders
  An ooze (D:1)
  An adder skeleton (D:2)
  A worm (D:2)
  A dart slug (D:1)
  4 leopard geckos
  3 orcs (D:3)
  2 ball pythons
  A giant cockroach (D:1)
  8 goblins
  7 hobgoblins
  7 jackals
  6 kobolds
  8 bats
  A frilled lizard (D:2)
  4 rats
59 creatures vanquished.

Notes
Turn   | Place    | Note
-------+----------+-------------------------------------------
     0 | D:1      | DogServant the Draconian Transmuter began the quest for the
                  | Orb.
     0 | D:1      | Reached XP level 1. HP: 16/16 MP: 3/3
   126 | D:1      | Reached XP level 2. HP: 13/24 MP: 5/5
   670 | D:1      | Reached XP level 3. HP: 26/30 MP: 6/6
  1462 | D:2      | Reached skill level 4 in Unarmed Combat
  1566 | D:2      | Reached XP level 4. HP: 32/38 MP: 5/7
  2582 | D:3      | Slain by an orc priest

Illustrated notes

Levels and vault maps discovered:
D:1:      lemuel_arrival_cross, layout_basic, roderic_roman_lattice,
          minmay_misc_feat_tiny
D:2:      layout_basic
D:3:      layout_rooms, nicolae_tso_carved_into_rock

Skill      XL: |  1  2  3 |
---------------+----------+-----
Fighting       | 2 3 |  3.6
Unarmed Combat | 4 |  4.4
Dodging        | |  1.7
Spellcasting   | |  2.0
Transmutations | |  2.0

Action                   |  1- 3 |  4- 6 || total
-------------------------+-------+-------++-------
Melee: Unarmed           |   107 |    56 ||   163
       Kick              |    19 |     7 ||    26
       Headbutt          |     9 |     7 ||    16
       Tailslap          |     7 |     6 ||    13
       Punch             |       |     1 ||     1
 Cast: Beastly Appendage |    17 |    12 ||    29
 Stab: Sleeping          |     1 |       ||     1
Armor: Skin              |    33 |    16 ||    49
Dodge: Dodged            |    68 |    30 ||    98

Table legend: (Time is in decaauts)
 A = Elapsed time spent in this place.
 B = Non-inter-level travel time spent in this place.
 C = Inter-level travel time spent in this place.
 D = Time resting spent in this place.
 E = Time spent auto-exploring this place.
 F = Levels seen in this place.
 G = Mean time per level.
                   A        B        C        D        E       F      G
               +--------+--------+--------+--------+--------+-----+--------+
         Total |   2569 |   2467 |    102 |    335 |   1799 |   3 |  856.3 |
       Dungeon |   2569 |   2467 |    102 |    335 |   1799 |   3 |  856.3 |
               +--------+--------+--------+--------+--------+-----+--------+

Top non-repeatable levels by time:
     D:2: 1245 daAuts
     D:1: 1168 daAuts
     D:3: 156 daAuts
